AoeStats
← dashuaibi

Pilgrims

510075951Analyzed
3v3 RM · 2d ago on Sep 29, 2026· 46m 23s· 6 players
Game mode
Random Map
Map size
Normal (6 player)
Population
200
Speed
Normal
Resources
Standard
Victory
Conquest
Starting age
Dark Age
Ending age
Imperial Age
RankedLock teamsTeams togetherTeam positionsShared explorationLock speedFull tech treeHidden civsTurbo modeCheats
Victory
Defeat
🇬🇧 Varangians · United Kingdom
1398
+8
🇦🇷 Persians · Argentina
1331
+11
🇩🇪 Koreans · Germany
1256
+14
🇨🇳 Japanese · China
1355
-16
🇰🇷 Danes · South Korea
1156
-9
🇨🇳 Jurchens · China
1128
-8
Jonas
4:53 Loom
11:20 Feudal Age
21:08 Castle Age
26:16 Double-Bit Axe
30:22 Crossbowman
31:07 Thumb Ring
30:56 Fletching
32:17 Thumb Ring
34:07 Bodkin Arrow
34:47 Gold Mining
34:48 Stone Mining
35:09 Bow Saw
37:44 Imperial Age
35:04 Horse Collar
37:11 Bodkin Arrow
37:40 Ballistics
37:00 Treadmill Crane
37:31 Masonry
38:30 Heavy Plow
38:27 Gold Mining
38:28 Stone Mining
38:09 Arbalester
41:57 Gold Shaft Mining
41:59 Stone Shaft Mining
44:53 Chemistry
44:23 Architecture
43:59 Siege Engineers
44:05 Fortified Wall
43:56 Bracer
44:34 Wheelbarrow
46:37 Scale Mail Armor
ash.burlaczenko
11:27 Feudal Age
11:45 Loom
17:58 Castle Age
15:58 Fletching
20:55 Bodkin Arrow
26:44 Murder Holes
33:22 Imperial Age
34:09 Ballistics
34:02 Masonry
34:45 Bracer
36:27 Chemistry
40:02 Wheelbarrow
41:11 Conscription
45:33 Forging
45:31 Scale Barding Armor
47:26 Iron Casting
SRZ_07
3:24 Loom
11:19 Feudal Age
11:33 Man-at-Arms
17:52 Fletching
20:06 Castle Age
17:57 Double-Bit Axe
18:52 Scale Barding Armor
20:45 Medium Warships
21:06 Chain Barding Armor
22:13 Bloodlines
22:51 Fishing Lines
24:56 Gillnets
26:17 Forging
27:08 Gold Mining
29:43 Wheelbarrow
31:18 Gold Shaft Mining
32:05 Iron Casting
31:28 Horse Collar
33:06 Husbandry
34:27 Hand Cart
35:12 Town Watch
36:14 Heavy Plow
36:52 Bow Saw
40:25 Imperial Age
40:08 Cavalier
41:26 Plate Barding Armor
41:12 Conscription
42:01 Blast Furnace
41:38 Savar
dashuaibi
5:37 Loom
12:28 Feudal Age
14:48 Fletching
18:28 Castle Age
17:11 Double-Bit Axe
18:34 Fishing Lines
20:49 Scale Mail Armor
29:26 Horse Collar
34:56 Gold Mining
34:57 Stone Mining
39:09 Imperial Age
38:56 Wheelbarrow
38:06 Town Watch
40:14 Masonry
caolw9
8:14 Loom
15:10 Feudal Age
19:27 Castle Age
17:32 Horse Collar
18:36 Double-Bit Axe
20:19 Bow Saw
23:06 Wheelbarrow
23:38 Stone Mining
24:38 Hand Cart
24:09 Town Watch
26:13 Gold Mining
26:58 Stone Shaft Mining
31:54 Fletching
33:51 Guard Tower
37:01 Imperial Age
34:54 Scale Barding Armor
35:00 Forging
36:39 Chain Barding Armor
37:18 Elite Iron Pagoda
38:22 Conscription
39:00 Iron Casting
40:06 Plate Barding Armor
44:19 Town Patrol
doggy
5:24 Loom
10:15 Feudal Age
15:14 Wheelbarrow
17:11 Gold Mining
23:44 Stone Mining
24:26 Fletching
30:42 Castle Age
28:50 Horse Collar
33:43 Hand Cart
35:38 Double-Bit Axe
Connection lost

Rejoining the realm…

Still unreachable

The connection could not be restored.

Session expired

The server has moved on; the page needs a fresh start.